 Dungeon Crawl Stone Soup version 0.15-a0-1909-gd9acbb9 (console) character file.

143 MrRokkomies the Grasshopper (level 5, -14/38 HPs)
             Began as a Formicid Warper on July 6, 2014.
             Killed from afar by Ijyb (20 damage)
             ... with a wand of lightning
             ... on Level 3 of the Dungeon.
             The game lasted 00:09:51 (2538 turns).

MrRokkomies the Grasshopper (Formicid Warper)       Turns: 2538, Time: 00:09:51

HP -14/38        AC  6     Str 15      XL: 5   Next: 50%
MP   9/11        EV 14     Int 14      God:
Gold 125         SH  0     Dex 15      Spells:  3 memorised,  1 level left

rFire  . . .     SeeInvis +     a - +0 falchion
rCold  . . .     Clarity  .     d - +1 ring mail
rNeg   + . .     rCorr    .     (no shield)
rPois  .         rRot     .     (helmet unavailable)
rElec  .         Spirit   .     (no cloak)
SustAb .         Warding  +     (no gloves)
rMut   .         Stasis   +     (no boots)
Gourm  .                        m - amulet of warding
MR     .....                    (no ring)
                                (no ring)

@: agile, shrouded, not resistant to hostile enchantments, unstealthy
A: permanent stasis, dig shafts and tunnels, four strong arms, antennae 3
a: Dig, Shaft Self


You were on level 3 of the Dungeon.
You were not hungry.

You visited 1 branch of the dungeon, and saw 3 of its levels.

You collected 125 gold pieces.

Inventory:

Hand weapons
 a - a +0 falchion (weapon)
Missiles
 n - 9 poisoned needles
Armour
 d - a +1 ring mail (worn)
Comestibles
 f - a bread ration
 g - 2 fruits
 h - 2 meat rations
 i - 4 beef jerkies
 j - a slice of pizza
 o - 3 chunks of orc flesh
Jewellery
 m - an amulet of warding (around neck)
Potions
 l - a potion of flight
 p - a potion of curing {unknown}
Books
 c - a book of Spatial Translocations

   Spells                             Type                      Level
   *Apportation                       Translocation                1
   Blink                              Translocation                2
   *Shroud of Golubria                Charms/Translocation         2
   Portal Projectile                  Translocation                3
   Teleport Other                     Translocation                3
   *Passage of Golubria               Translocation                4


   Skills:
 - Level 2.1 Fighting
 * Level 4.0 Long Blades
 - Level 0.7 Throwing
 - Level 1.1 Armour
 - Level 1.7 Dodging
 - Level 2.1 Spellcasting
 + Level 4.1 Translocations


You had one spell level left.
You knew the following spells:

 Your Spells              Type           Power        Failure   Level  Hunger
a - Apportation           Tloc           ##........   6%          1    #......
b - Shroud of Golubria    Chrm/Tloc      #.........   21%         2    ###....
c - Passage of Golubria   Tloc           N/A          58%         4    #####..


Dungeon Overview and Level Annotations

Branches:
Dungeon (3/15)

Altars:
Vehumet
Xom

Annotations:
D:3 Ijyb


Innate Abilities, Weirdness & Mutations

Your are under a permanent stasis effect.
You can dig through walls and to a lower floor.
Your four strong arms can wield two-handed weapons with a shield.
You have a pair of large antennae on your head (SInv).


Message History

Confirm with . or Enter, or press ? or * to list all spells.
Space distorts slightly along a thin shroud covering your body.
Drink which item? (? for menu, Esc to quit)
You feel agile all of a sudden.
It was a potion of agility.
Drink which item? (? for menu, Esc to quit)
You feel much better.
It was a potion of heal wounds.
You hit Ijyb.
Ijyb is moderately wounded.
Ijyb zaps a wand.
The bolt of lightning misses you.
You closely miss Ijyb.
Ijyb is moderately wounded.
Ijyb zaps a wand.
The bolt of lightning hits you!
Ouch! That really hurt!
* * * LOW HITPOINT WARNING * * *
Your ring mail prevents you from hitting Ijyb.
Ijyb is moderately wounded.
Ijyb zaps a wand.
The bolt of lightning hits you!
Ouch! That really hurt!
You die...

#...# #.# #...# #.#
# #...####.##
#.#..>......#
#.#.........#
#...........#
#########.........#
#.......g.........#
.....[..#@........#
.......#.........#
.......#...(.....#
......g#.........#
.....(#.........#
.....#.........#
..(.#.........#
.#.........#
###########


You could see Ijyb.

Vanquished Creatures
  5 adders
  A giant mite (D:2)
  4 worms
  An adder zombie (D:3)
  A giant gecko (D:2)
  2 oozes
  An orc (D:3)
  A ball python (D:1)
  7 bats
  3 giant cockroaches (D:1)
  6 goblins
  5 hobgoblins
  9 jackals
  7 kobolds
  2 quokkas (D:2)
  A giant newt (D:2)
  An orc skeleton (D:3)
  2 rats (D:1)
59 creatures vanquished.

Notes
Turn   | Place    | Note
--------------------------------------------------------------
     0 | D:1      | MrRokkomies, the Formicid Warper, began the quest for the Orb.
     0 | D:1      | Reached XP level 1. HP: 16/16 MP: 3/3
   173 | D:1      | Reached XP level 2. HP: 19/22 MP: 5/5
   196 | D:1      | Reached skill level 3 in Translocations
   903 | D:1      | Learned a level 2 spell: Shroud of Golubria
   920 | D:1      | Reached XP level 3. HP: 27/27 MP: 7/7
  1304 | D:2      | Reached XP level 4. HP: 26/33 MP: 8/8
  1319 | D:2      | Learned a level 4 spell: Passage of Golubria
  1970 | D:2      | Reached XP level 5. HP: 31/38 MP: 11/11
  2212 | D:2      | Found a radiant altar of Vehumet.
  2219 | D:2      | Found a shimmering altar of Xom.
  2321 | D:2      | Reached skill level 4 in Translocations
  2527 | D:3      | Noticed Ijyb
  2538 | D:3      | Killed from afar by Ijyb

Action                   |  1- 3 |  4- 6 || total
-------------------------+-------+-------++-------
Melee: Falchion          |   111 |   122 ||   233
Throw: Tomahawk          |    19 |    49 ||    68
 Cast: Shroud of Golubri |     2 |     5 ||     7
  Use: Scroll            |     4 |     1 ||     5
       Potion            |       |     3 ||     3
  Eat: Chunk             |     1 |     5 ||     6
